 Dungeon Crawl Stone Soup version 0.23-a0-619-g281719c (webtiles) character file.

1830 zishaf the Conjurer (level 8, 0/66 (67) HPs)
             Began as a Demigod Conjurer on Dec 23, 2018.
             Slain by a two-headed ogre
             ... wielding a cursed -2 giant club
              (25 damage)
             ... on level 8 of the Dungeon.
             The game lasted 00:12:14 (7102 turns).

zishaf the Conjurer (Demigod Conjurer)              Turns: 7102, Time: 00:12:15

HP:   0/66 (67)     AC:  8    Str: 11    XL:     8   Next: 56%
MP:   15/15         EV: 11    Int: 29    God:
Gold: 219           SH:  0    Dex: 16    Spells: 4/12 levels left

rFire    . . .     SeeInvis .   x - +9 hunting sling "Murmur" {freeze, rElec rPois rC+ rN+}
rCold    + . .     Gourm    .   (no shield)
rNeg     + . .     Faith    .   p - +0 ring mail (curse)
rPois    +         Spirit   .   (helmet restricted)
rElec    +         Reflect  .   (no cloak)
rCorr    .         Harm     .   o - +1 pair of gloves
MR       .....                  (no boots)
Stlth    +.........             (no amulet)
HPRegen  0.21/turn              s - +6 ring of intelligence
MPRegen  0.14/turn              (no ring)

@: no status effects
A: horns 1, talons 1, high mp 1, wild magic 1, evolution 1
a: no special abilities


You were on level 8 of the Dungeon.
You were not hungry.

You visited 1 branch of the dungeon, and saw 8 of its levels.

You collected 219 gold pieces.

Inventory:

Hand Weapons
 a - a +0 hunting sling
 x - the +9 hunting sling "Murmur" (weapon) {freeze, rElec rPois rC+ rN+}
   (You found it on level 7 of the Dungeon)

   It causes projectiles fired from it to freeze those they strike, causing
   extra injury to most foes and up to half again as much damage against
   particularly susceptible opponents.
   They can also slow down cold-blooded creatures.
   It protects you from cold.
   It insulates you from electricity.
   It protects you from poison.
   It protects you from negative energy.
Missiles
 g - 189 stones (quivered)
 y - 17 sling bullets
Armour
 i - a +0 helmet
 k - a +0 shield
 o - a +1 pair of gloves (worn)
 p - a cursed +0 ring mail (worn)
Jewellery
 s - a +6 ring of intelligence (left hand)
Wands
 t - a wand of paralysis (9)
Scrolls
 f - 2 scrolls of enchant weapon {unknown}
 j - 5 scrolls of teleportation
 n - a scroll of amnesia {unknown}
Potions
 b - a potion of ambrosia {unknown}
 d - 2 potions of magic
 e - a potion of cancellation {unknown}
 h - a potion of might {unknown}
 l - 3 potions of heal wounds {unknown}
 m - a potion of degeneration {unknown}
 q - a potion of brilliance {unknown}
 r - a potion of curing
 u - 2 potions of berserk rage {unknown}
 w - a potion of flight {unknown}
Comestibles
 c - 15 rations
 v - 10 chunks of flesh


   Skills:
 + Level 4.4 Fighting
 + Level 1.2 Slings
 - Level 4.0 Armour
 - Level 2.1 Dodging
 - Level 2.0 Stealth
 + Level 4.2 Shields
 + Level 2.5 Spellcasting
 - Level 6.0 Conjurations
 + Level 3.5 Hexes
 + Level 1.5 Summonings


You had 4 spell levels left.
You knew the following spells:

 Your Spells              Type           Power        Failure   Level  Hunger
a - Magic Dart            Conj           ####         3%          1    None
b - Searing Ray           Conj           ######       4%          2    ##.....
c - Dazzling Spray        Conj/Hex       #####.       12%         3    ###....
d - Call Imp              Summ           ###.....     21%         2    ##.....

Your spell library contained the following spells:

 Spells                   Type           Power        Failure   Level  Hunger
 Slow                     Hex            ####....     10%         2    ##.....
 Conjure Flame            Conj/Fire      ####....     22%         3    ###....
 Iskenderun's Mystic Bla  Conj           ######..     22%         4    ####...
 Mephitic Cloud           Conj/Pois/Air  ###.....     32%         3    ###....
 Fulminant Prism          Conj/Hex       #####.....   34%         4    ####...
 Blink                    Tloc           N/A          36%         2    ##.....
 Force Lance              Conj/Tloc      ####....     56%         4    ####...


Dungeon Overview and Level Annotations

Branches:
Dungeon (8/15)             Temple (0/1) D:4
   Lair: D:8-11


Innate Abilities, Weirdness & Mutations

You have an increased reservoir of magic. (+10% MP)
You have a pair of small horns on your head.
You have sharp toenails.
Your spells are a little harder to cast, but a little more powerful.
You evolve.


Message History

The two-headed ogre is severely wounded.
Firing (i - inventory. (/) - cycle)
g - 191 stones (quivered)
Press: ? - help, Shift-Dir - straight line, f/p - two-headed ogre
Aim: a two-headed ogre, wielding a -2 giant club and a +0 giant club (severely You shoot a stone.
The stone hits the two-headed ogre.
The stone freezes the two-headed ogre.
The two-headed ogre is severely wounded.
The two-headed ogre closely misses you.
The two-headed ogre hits you with a +0 giant club!!
You are too injured to fight recklessly!
You are too injured to fight recklessly!
You are too injured to fight recklessly!
Firing (i - inventory. (/) - cycle)
g - 190 stones (quivered)
Press: ? - help, Shift-Dir - straight line, f/p - two-headed ogre
Aim: a two-headed ogre, wielding a -2 giant club and a +0 giant club (severely You shoot a stone.
The stone hits the two-headed ogre.
The stone freezes the two-headed ogre.
The two-headed ogre is almost dead.
The two-headed ogre hits you with a cursed -2 giant club!!
You die...

#.# #.##. #># #.#.
#.# #### #... #.#
#.. ... #.# #.#
#.. #.######.# #(#
.........# #O#
.........# #@#
########.#######.#
#.........#
###########


You could see a two-headed ogre.

Vanquished Creatures
  2 phantoms
  4 ice beasts
  A necrophage (D:6)
  3 big kobolds
  3 bullfrogs
  2 scorpions
  A howler monkey (D:4)
  A bullfrog zombie (D:5)
  2 jellies
  3 orc priests
  4 bullfrog skeletons
  3 orc wizards
  2 worker ants
  3 gnolls (D:4)
  6 adders
  2 oozes
  An adder skeleton (D:6)
  A worm (D:2)
  A dart slug (D:2)
  5 leopard geckos
  15 orcs
  8 giant cockroaches
  6 goblins
  9 hobgoblins
  11 jackals
  5 quokkas
  3 ball pythons
  7 bats
  5 frilled lizards
  18 kobolds
  8 rats
145 creatures vanquished.

Notes
Turn   | Place    | Note
-------+----------+-------------------------------------------
     0 | D:1      | zishaf the Demigod Conjurer began the quest for the Orb.
     0 | D:1      | Reached XP level 1. HP: 14/14 MP: 5/5
   468 | D:1      | Reached XP level 2. HP: 18/22 MP: 5/7
   521 | D:1      | Learned a level 2 spell: Searing Ray
   791 | D:1      | Reached skill level 1 in Fighting
  1104 | D:2      | Reached XP level 3. HP: 10/28 MP: 5/8
  1106 | D:2      | Gained mutation: You evolve. [potion of mutation]
  1106 | D:2      | Gained mutation: Your spells are a little harder to cast,
                  | but a little more powerful. [potion of mutation]
  1211 | D:2      | Gained mutation: You have sharp toenails. [evolution]
  1284 | D:2      | Found a shattered altar of Ashenzari.
  1284 | D:2      | Found a white marble altar of Elyvilon.
  1516 | D:2      | Reached skill level 4 in Conjurations
  1806 | D:2      | Reached skill level 1 in Armour
  1865 | D:2      | Reached skill level 1 in Shields
  1866 | D:2      | Found an iron altar of Okawaru.
  1952 | D:2      | Reached XP level 4. HP: 19/35 MP: 3/9
  2583 | D:3      | Found a hide-covered altar of Uskayaw.
  2585 | D:3      | Found a bloodstained altar of Trog.
  2652 | D:3      | Found a hazy altar of Hepliaklqana.
  2722 | D:3      | Gained mutation: Scrolls take you a little longer to read.
                  | [evolution]
  3017 | D:3      | Learned a level 3 spell: Dazzling Spray
  3095 | D:3      | Noticed an ice beast
  3107 | D:3      | Killed an ice beast
  3107 | D:3      | Reached XP level 5. HP: 41/41 MP: 5/10
  3166 | D:3      | Found a faded altar of an unknown god.
  3216 | D:3      | Reached skill level 1 in Hexes
  3416 | D:4      | Noticed a phantom
  3434 | D:4      | Killed a phantom
  3434 | D:4      | Reached XP level 6. HP: 44/50 MP: 1/11
  3624 | D:4      | Gained mutation: You have a pair of small horns on your
                  | head. [evolution]
  3912 | D:4      | Found a staircase to the Ecumenical Temple.
  4500 | D:5      | Entered Level 5 of the Dungeon
  4786 | D:5      | Reached skill level 5 in Conjurations
  4786 | D:5      | Reached XP level 7. HP: 57/57 MP: 9/13
  5959 | D:6      | Found a sparkling altar of Nemelex Xobeh.
  5960 | D:6      | Found an opulent altar of Gozag.
  6186 | D:6      | Reached XP level 8. HP: 59/65 MP: 5/14
  6316 | D:6      | Learned a level 2 spell: Call Imp
  6685 | D:7      | Got an encrusted hunting sling
  6686 | D:7      | Identified the +9 hunting sling "Murmur" {freeze, rElec
                  | rPois rC+ rN+} (You found it on level 7 of the Dungeon)
  6905 | D:8      | Reached skill level 1 in Summonings
  6940 | D:8      | Found a snail-covered altar of Cheibriados.
  6952 | D:8      | Reached skill level 1 in Slings
  7011 | D:8      | Lost mutation: Scrolls take you a little longer to read.
                  | [evolution]
  7027 | D:8      | Reached skill level 6 in Conjurations
  7094 | D:8      | Noticed a two-headed ogre
  7102 | D:8      | Slain by a two-headed ogre

Vault maps used:
D:1:      ebering_trefoil_3fold, roderic_lattice_a
D:2:      okawaru_ov_weapons_minmay, gammafunk_temple_overflow_elements,
          first_ration
D:3:      marbit_many_paths, nicolae_overflow_hidden_temple,
          chequers_ecumenical_altar_lobes, hangedman_decor_push
D:4:      temple_pool_b
D:6:      grunt_temple_overflow_opulence, minmay_unpleasant_kobolds
D:8:      lemuel_crystal_altar, nicolae_ossuary_entry_monument, basic_altar,
          david_nohive_1, grunt_ministairs_7

Skill      XL: |  1  2  3  4  5  6  7  8 |
---------------+-------------------------+-----
Stealth        | 2 |  2.0
Dodging        | 2 |  2.1
Spellcasting   | 2 |  2.5
Fighting       | 1 2 3 4 |  4.4
Conjurations   | 4 5 6 |  6.0
Armour         | 1 2 3 4 |  4.0
Shields        | 1 2 3 4 |  4.2
Hexes          | 1 2 3 |  3.5
Summonings     | 1 |  1.5
Slings         | 1 |  1.2

Action                   |  1- 3 |  4- 6 |  7- 9 || total
-------------------------+-------+-------+-------++-------
Melee: Unarmed           |     4 |       |       ||     4
 Fire: Hunting sling     |   119 |   152 |   160 ||   431
 Cast: Magic Dart        |    36 |    47 |    56 ||   139
       Searing Ray       |       |     3 |     4 ||     7
  Use: Potion            |     3 |       |       ||     3
       Scroll            |       |     5 |       ||     5
  Eat: Chunk             |     3 |    10 |     7 ||    20
Armor: Ring mail         |    40 |    36 |    62 ||   138
       Robe              |     3 |       |       ||     3
Dodge: Dodged            |    57 |    54 |    94 ||   205

Table legend:
 A = Non-vault XP
 B = Vault XP
 C = Vault XP percentage of total XP
 D = Non-vault monster count
 E = Vault monster count
 F = Vault count percentage of total count
                 A         B        C        D         E       F
            +---------+---------+-------+---------+---------+-------
      Total |    2417 |     198 |   7.6 |     138 |       7 |   4.8
            +---------+---------+-------+---------+---------+-------
        D:1 |      43 |       0 |   0.0 |      23 |       0 |   0.0
        D:2 |      76 |       0 |   0.0 |      29 |       0 |   0.0
        D:3 |     231 |       1 |   0.4 |      17 |       1 |   5.6
        D:4 |     471 |       0 |   0.0 |      22 |       0 |   0.0
        D:5 |     237 |       0 |   0.0 |      13 |       0 |   0.0
        D:6 |     762 |     197 |  20.5 |      14 |       6 |  30.0
        D:7 |      96 |       0 |   0.0 |       1 |       0 |   0.0
        D:8 |     501 |       0 |   0.0 |      19 |       0 |   0.0
            +---------+---------+-------+---------+---------+-------
